 Dungeon Crawl Stone Soup version 0.28-a0-691-gad6df49e81 (webtiles) character file.

Game seed: 12531928499253577316

3821 kae the Grappler (level 9, -10/93 HPs)
             Began as a Pale Draconian Transmuter on Oct 20, 2021.
             Was a Believer of Wu Jian.
             Mangled by a boulder beetle (22 damage)
             ... on level 7 of the Dungeon.
             The game lasted 00:05:46 (7393 turns).

kae the Grappler (Pale Draconian Transmuter)        Turns: 7393, Time: 00:05:47

Health: -10/93     AC:  8    Str: 12    XL:     9   Next: 97%
Magic:  9/12       EV: 10    Int: 18    God:    Wu Jian [**....]
Gold:   259        SH:  0    Dex: 17    Spells: 4/12 levels left

rFire   x . .      SeeInvis .     - Unarmed
rCold   + + +      Faith    .   (shield currently unavailable)
rNeg    . . .      Spirit   .   (armour unavailable)
rPois   +          Reflect  .   (helmet currently unavailable)
rElec   .          Harm     .   (cloak currently unavailable)
rCorr   .          Rampage  .   (gloves currently unavailable)
Will    .....                   (boots currently unavailable)
Stlth   ++........              j - amulet of regeneration
HPRegen 1.25/turn               a - +6 ring of dexterity
MPRegen 0.13/turn               (no ring)

@: about to teleport, ice-form
A: freezing attack, amphibious, boosted hp, (breathe steam), AC +7, large,
unfitting armour, (cold-blooded), (steam resistance)
a: End Transformation, Renounce Religion, Wall Jump


You were on level 7 of the Dungeon.
You worshipped Wu Jian.
Wu Jian was pleased with you.
You were a creature of crystalline ice.
You visited 2 branches of the dungeon, and saw 8 of its levels.

You collected 259 gold pieces.

Inventory:

Missiles
 e - a throwing net
Armour
 k - a +0 pair of gloves (melded)
 v - a +1 cloak (melded)
Jewellery
 a - a +6 ring of dexterity (left front paw)
 j - an amulet of regeneration (around neck)
Wands
 n - a wand of flame (18)
 p - a wand of iceblast (10)
Scrolls
 d - 2 scrolls of amnesia
 f - a scroll of enchant weapon
 q - a scroll of fog
 s - a scroll of identify
Potions
 b - 3 potions of lignification
 c - 2 potions of haste
 g - a potion of ambrosia
 i - a potion of curing
 l - 2 potions of brilliance
 m - a potion of flight
 o - a potion of cancellation
 r - a potion of attraction


   Skills:
 + Level 6.6 Fighting
 - Level 1.7 Dodging
 * Level 8.8 Unarmed Combat
 - Level 2.0 Spellcasting
 * Level 8.6 Transmutations
 - Level 5.0 Ice Magic
 - Level 2.0 Poison Magic


You had 4 spell levels left.
You knew the following spells:

 Your Spells              Type           Power      Damage    Failure   Level
a - Beastly Appendage     Tmut           64%        N/A       1%          1
b - Spider Form           Tmut/Pois      10%        N/A       6%          3
c - Ice Form              Ice/Tmut       26%        N/A       11%         4

Your spell library contained the following spells:

 Spells                   Type           Power      Damage    Failure   Level
 Wereblood                Tmut           32%        N/A       1%          2
 Ensorcelled Hibernation  Hex/Ice        20%        N/A       10%         2
 Animate Skeleton         Necr           2%         N/A       19%         1
 Apportation              Tloc           2%         N/A       19%         1
 Pain                     Necr           4%         1d4       19%         1
 Call Canine Familiar     Summ           1%         N/A       47%         3
 Dazzling Flash           Conj/Hex       2%         N/A       47%         3
 Portal Projectile        Hex/Tloc       2%         N/A       47%         3
 Tukima's Dance           Hex            1%         N/A       47%         3
 Vampiric Draining        Necr           0%         2d6       47%         3
 Leda's Liquefaction      Hex/Erth       0%         N/A       87%         4
 Alistair's Intoxication  Tmut/Pois      13%        N/A       50%         5
 Eringya's Noxious Bog    Tmut/Pois      10%        N/A       97%         6
 Agony                    Necr           1%         N/A       99%         5
 Borgnjor's Vile Clutch   Necr/Erth      0%         N/A       99%         5
 Silence                  Hex/Air        0%         N/A       99%         5
 Invisibility             Hex            0%         N/A       100%        6


Dungeon Overview and Level Annotations

Branches:
Dungeon (7/15)             Temple (1/1) D:5

Altars:
Dithmenos
Elyvilon
Fedhas
Gozag
Hepliaklqana
Kikubaaqudgha
Makhleb
Nemelex Xobeh
Okawaru
Ru
Sif Muna
Trog
Uskayaw
Vehumet
Wu Jian
Xom
Yredelemnul
Zin
The Shining One

Shops:
D:6 (


Innate Abilities, Weirdness & Mutations

You are a creature of crystalline ice.
You have a powerful freezing melee attack.
You are amphibious.
Your maximum health is increased.
Your armour is entirely melded.
You are incapable of wielding weapons or throwing items.
((You can breathe blasts of scalding, opaque steam.))
((Your pale cyan-grey scales are hard. (AC +7)))
You cannot fit into any form of body armour.
((You are cold-blooded and may be slowed by cold attacks.))
((You are immune to the effects of steam.))


Message History

There is an open door here.
Key pressed, stopping explore.
You open the large door.
There is a large open door here.
A boulder beetle is nearby!
A boulder beetle is nearby!
A boulder beetle is nearby!
Casting: Ice Form (dangerous; 11% risk of failure)
Confirm with . or Enter, or press ? or * to list all spells.
You turn into a creature of crystalline ice.
Your +1 cloak melds into your body.
Your +0 pair of gloves melds into your body.
The boulder beetle curls into a ball and begins rolling!
Aiming: Iceblast
Press: ? - help, Shift-Dir - straight line, f/p - boulder beetle
Aim: a boulder beetle (rolling)
The mass of ice explodes!
The iceblast engulfs the boulder beetle!
The boulder beetle is lightly wounded.
You hit the boulder beetle but do no damage.
The boulder beetle is lightly wounded.
The boulder beetle hits you!!!
Ouch! That really hurt!
The boulder beetle stops rolling and uncurls.
You are too injured to fight recklessly!
You hit the boulder beetle. You freeze the boulder beetle.
The boulder beetle is lightly wounded.
The boulder beetle bites you!!
* * * LOW HITPOINT WARNING * * *
You hit the boulder beetle but do no damage.
The boulder beetle is lightly wounded.
The boulder beetle misses you.
You punch the boulder beetle! You freeze the boulder beetle!
The boulder beetle is moderately wounded.
The boulder beetle bites you!
* * * LOW HITPOINT WARNING * * *
Okay, then.
As you read the scroll of teleportation, it crumbles to dust.
You feel strangely unstable. The boulder beetle bites you!!
You die...

*** ,,* ##### *** ###### #....
*********############....####....
,)),,,,,,.....>.....'....'..'.>..
!),,,,,,,.......Y..##....#.##....
***,,****#...##.[B.##....#.##....
**,* #,,,*#.....#....#.#.....
***^** *,,,*#...#.#....#.....##
,,,,* *,,,*#...#.'....#.#...##
,**** *,,,*#...##'....#.#..... **
*,,,*#................#. *
*,,,,.............###.#. ****
*,,,....#......#### #...


You could see a boulder beetle.

Vanquished Creatures
  A troll (D:7)
  Grinder (D:3)
  Sigmund (D:3)
  A steam dragon (D:6)
  A water moccasin (D:7)
  An orc warrior (D:7)
  A black bear (D:6)
  4 sky beasts
  2 ice beasts (D:7)
  A necrophage (D:6)
  A centaur (D:7)
  An ogre (D:6)
  A kobold brigand (D:5)
  A bullfrog (D:7)
  A wyvern zombie (D:6)
  10 scorpions
  2 wyvern skeletons
  A water moccasin skeleton (D:6)
  A wight (D:7)
  A centaur zombie (D:7)
  A gnoll shaman (D:7)
  4 hounds
  4 jellies
  Crazy Yiuf (D:6)
  2 centaur skeletons
  3 iguanas
  Terence (D:3)
  6 orc wizards
  A hound zombie (D:5)
  3 hound skeletons
  12 adders
  7 gnolls
  2 shadow imps
  4 white imps
  An ufetubus (D:5)
  An adder zombie (D:5)
  5 dart slugs
  34 orcs
  10 bats
  3 endoplasms
  5 giant cockroaches
  6 goblins
  6 hobgoblins
  14 kobolds
  2 quokkas
  A ball python (D:3)
  2 frilled lizards (D:3)
  2 rats (D:1)
177 creatures vanquished.

Vanquished Creatures (others)
  3 fungi (D:7)
3 creatures vanquished.

Grand Total: 180 creatures vanquished

Notes
Turn   | Place    | Note
-------+----------+-------------------------------------------
     0 | D:1      | kae the Draconian Transmuter began the quest for the Orb.
     0 | D:1      | Reached XP level 1. HP: 16/16 MP: 3/3
   243 | D:1      | Reached XP level 2. HP: 21/23 MP: 3/5
   582 | D:1      | HP: 1/23 [kobold (2)]
  1239 | D:2      | Found a faded altar of an unknown god.
  1509 | D:3      | Noticed Terence
  1514 | D:2      | Reached XP level 3. HP: 29/29 MP: 6/6
  1518 | D:2      | Learned a level 3 spell: Spider Form
  1555 | D:3      | Killed Terence
  1864 | D:3      | Found a bloodstained altar of Trog.
  1864 | D:3      | Found a hide-covered altar of Uskayaw.
  1866 | D:3      | Found an ancient bone altar of Kikubaaqudgha.
  1866 | D:3      | Noticed Grinder
  1887 | D:3      | Reached skill level 1 in Poison Magic
  1887 | D:3      | Reached XP level 4. HP: 11/36 MP: 3/7
  1893 | D:3      | Paralysed by Grinder for 7 turns
  1901 | D:3      | Killed Grinder
  1902 | D:3      | Reached XP level 5. HP: 23/45 MP: 4/8
  1943 | D:3      | Found a hazy altar of Hepliaklqana.
  2197 | D:3      | Noticed Sigmund
  2201 | D:3      | Reached XP level 6. HP: 51/51 MP: 5/9
  2227 | D:3      | Killed Sigmund
  2228 | D:3      | Reached skill level 5 in Unarmed Combat
  2315 | D:3      | Learned a level 4 spell: Ice Form
  2359 | D:3      | Found a sparkling altar of Nemelex Xobeh.
  2526 | D:3      | Found an iron altar of Okawaru.
  2748 | D:4      | Your scales start taking on a pale cyan-grey colour.
  2748 | D:4      | Reached XP level 7. HP: 18/58 MP: 6/10
  2748 | D:4      | Gained mutation: You are immune to the effects of steam.
                  | [Pale Draconian growth]
  2852 | D:4      | Reached skill level 1 in Ice Magic
  3065 | D:4      | Found a glowing silver altar of Zin.
  3176 | D:4      | Found an opulent altar of Gozag.
  3717 | D:4      | Found a shimmering blue altar of Sif Muna.
  3877 | D:4      | Reached skill level 5 in Transmutations
  4227 | D:5      | Entered Level 5 of the Dungeon
  4442 | D:5      | Found a staircase to the Ecumenical Temple.
  4476 | Temple   | Entered the Ecumenical Temple
  4563 | Temple   | Became a worshipper of the Wu Jian Council
  4594 | D:5      | Found a sacrificial altar of Ru.
  5149 | D:6      | Reached XP level 8. HP: 63/67 MP: 7/11
  5515 | D:6      | Reached skill level 5 in Fighting
  5597 | D:6      | Reached * piety under Wu Jian
  5673 | D:6      | Found Uwkided's Antique Weapon Shoppe.
  5790 | D:6      | Found a runed translucent door.
  5791 | D:6      | Noticed Crazy Yiuf
  5983 | D:6      | Killed Crazy Yiuf
  5984 | D:6      | Reached XP level 9. HP: 74/74 MP: 7/12
  6161 | D:7      | Noticed a troll
  6166 | D:7      | Killed a troll
  6167 | D:7      | Reached skill level 5 in Ice Magic
  6209 | D:7      | Noticed a boulder beetle
  6665 | D:7      | Reached ** piety under Wu Jian
  7393 | D:7      | Mangled by a boulder beetle

Illustrated notes

Levels and vault maps discovered:
D:1:      lightli_arrival_windingriver, layout_basic, st_stairs_7
D:2:      layout_basic, hellmonk_ecumenical_altar_prayer_group,
          minmay_curled_crystal
D:3:      layout_loops_ring, lemuel_doored_altar, okawaru_altar_gauntlet_db,
          nicolae_overflow_quartered_altars, minivault_19, uniq_grinder,
          uniq_sigmund, uniq_terence
D:4:      layout_basic, mainiacjoe_overflow_catwalk,
          nicolae_overflow_hidden_temple, nicolae_overflow_crystal_walls
D:5:      layout_basic, mainiacjoe_overflow_paths, minmay_temple_entry_arrows,
          feat_on_display
D:6:      layout_cave_pools, serial_shops, shop, uniq_crazy_yiuf_cottage
D:7:      old_forge, layout_basic, hangedman_minor_gate_pass
Temple:   dpeg_three_leaves_temple

Skill      XL: |  1  2  3  4  5  6  7  8  9 |
---------------+----------------------------+-----
Fighting       | 2 3 4 5 6 |  6.6
Transmutations | 3 4 5 6 8 |  8.6
Poison Magic   | 1 2 |  2.0
Unarmed Combat | 4 5 6 7 8 |  8.8
Ice Magic      | 2 4 5 |  5.0
Dodging        | |  1.7
Spellcasting   | |  2.0

Action                   |  1- 3 |  4- 6 |  7- 9 || total
-------------------------+-------+-------+-------++-------
Melee: Unarmed           |   109 |    67 |   366 ||   542
       Tailslap          |    12 |     2 |     4 ||    18
       Headbutt          |     5 |       |       ||     5
       Kick              |     8 |     2 |       ||    10
       Punch             |     1 |       |     4 ||     5
 Cast: Beastly Appendage |    15 |     4 |       ||    19
       Spider Form       |     2 |     8 |    23 ||    33
       Ice Form          |       |       |    21 ||    21
Invok: Lunge             |       |       |    17 ||    17
       Whirlwind         |       |       |     3 ||     3
 Abil: Breathe Steam     |       |       |     1 ||     1
Evoke: Wand              |       |       |     3 ||     3
  Use: Scroll            |       |     5 |    14 ||    19
 Stab: Sleeping          |     1 |       |     1 ||     2
       Held in net/web   |       |       |     1 ||     1
Armor: Skin              |    40 |     8 |    94 ||   142
Dodge: Dodged            |    75 |    34 |   200 ||   309

Table legend: (Time is in decaauts)
 A = Elapsed time spent in this place.
 B = Non-inter-level travel time spent in this place.
 C = Inter-level travel time spent in this place.
 D = Time resting spent in this place.
 E = Time spent auto-exploring this place.
 F = Levels seen in this place.
 G = Mean time per level.
                   A        B        C        D        E       F      G
               +--------+--------+--------+--------+--------+-----+--------+
         Total |   7343 |   7035 |    308 |     77 |   5715 |   8 |  917.9 |
       Dungeon |   7243 |   6946 |    297 |     77 |   5639 |   7 | 1034.7 |
        Temple |     99 |     88 |     11 |      0 |     76 |   1 |   99.0 |
               +--------+--------+--------+--------+--------+-----+--------+

Top non-repeatable levels by time:
     D:4: 1483 daAuts
     D:7: 1259 daAuts
     D:3: 1183 daAuts
     D:1: 1151 daAuts
     D:6: 949 daAuts
     D:5: 823 daAuts
     D:2: 393 daAuts
  Temple: 99 daAuts
